TOP OF THE 1ST |
Seattle Mariners batting - Pitching for Cleveland Spiders : RHP Steve McCatty
|
Pitching: RHP Steve McCatty
|
|
Batting: LHB Jose Perales
|
0-0: Called Strike 0-1: Ball 1-1: Ball 2-1: Called Strike 2-2: Ball 3-2: Ground out 4-3 (Groundball, 13, EV 85.6 MPH)
|
Batting: LHB Mike Stenhouse
|
0-0: Ball 1-0: Called Strike 1-1: Foul Ball, location: 2F 1-2: Foul Ball, location: 2F 1-2: Ball 2-2: Strikes out looking
|
Batting: RHB Robin Yount
|
0-0: Called Strike 0-1: Ball 1-1: Fly out, F8 (Flyball, 78D, EV 91.3 MPH)
|
Top of the 1st over - 0 runs, 0 hits, 0 errors, 0 left on base; Seattle 0 - Cleveland 0 |
BOTTOM OF THE 1ST |
Cleveland Spiders batting - Pitching for Seattle Mariners : RHP Steve Busby
|
Pitching: RHP Steve Busby
|
|
Batting: RHB Tom Brunansky
|
0-0: Foul Ball, location: 2F 0-1: Ball 1-1: Ball 2-1: Fly out, F9 (Flyball, 9D, EV 108.1 MPH)
|
Batting: SHB Bump Wills
|
0-0: Called Strike 0-1: Fly out, F3 (Line Drive, 3, EV 69.4 MPH)
|
Batting: RHB Gary Gaetti
|
0-0: Swinging Strike 0-1: Called Strike 0-2: Fly out, F2 (Popup, 2RF, EV 89.4 MPH)
|
Bottom of the 1st over - 0 runs, 0 hits, 0 errors, 0 left on base; Seattle 0 - Cleveland 0 |
TOP OF THE 2ND |
Seattle Mariners batting - Pitching for Cleveland Spiders : RHP Steve McCatty
|
Batting: LHB Don Mattingly
|
0-0: SINGLE (Groundball, 4M, EV 97.5 MPH) (infield hit)
|
Batting: LHB Chris Wynn
|
0-0: Ball 1-0: Ball 2-0: Ball 3-0: Base on Balls Don Mattingly to second
|
Batting: RHB Tony Conigliaro
|
0-0: Ball 1-0: Called Strike 1-1: Foul Ball, location: 2F 1-2: Fly out, F2 (Popup, 15S, EV 81.3 MPH)
|
Batting: RHB Ramon Estepa
|
0-0: Foul Ball, location: 2F 0-1: Foul Ball, location: 2F 0-2: Fielders Choice at 2nd, 5-4 (Groundball, 56S, EV 89.4 MPH) Don Mattingly to third
|
Batting: RHB Ryne Sandberg
|
0-0: Ball 1-0: Fly out, F3 (Popup, 34, EV 67.5 MPH)
|
Top of the 2nd over - 0 runs, 1 hit, 0 errors, 2 left on base; Seattle 0 - Cleveland 0 |
BOTTOM OF THE 2ND |
Cleveland Spiders batting - Pitching for Seattle Mariners : RHP Steve Busby
|
Batting: SHB Salvador Perez
|
0-0: Called Strike 0-1: Called Strike 0-2: Foul Ball, location: 2F 0-2: Fly out, F4 (Flyball, 34D, EV 83.8 MPH)
|
Batting: RHB Clayton Elliott
|
0-0: Called Strike 0-1: Ball 1-1: Ball 2-1: Called Strike 2-2: Ball 3-2: Foul Ball, location: 2F 3-2: Strikes out swinging
|
Batting: RHB Cressy Pratt
|
0-0: Foul Ball, location: 2F 0-1: Called Strike 0-2: Foul Ball, location: 2F 0-2: Strikes out swinging
|
Bottom of the 2nd over - 0 runs, 0 hits, 0 errors, 0 left on base; Seattle 0 - Cleveland 0 |
TOP OF THE 3RD |
Seattle Mariners batting - Pitching for Cleveland Spiders : RHP Steve McCatty
|
Batting: RHB Ken Reitz
|
0-0: Fly out, F9 (Flyball, 9D, EV 93.1 MPH)
|
Batting: LHB Jose Perales
|
0-0: Ball 1-0: Ball 2-0: Ball 3-0: Base on Balls
|
Batting: LHB Mike Stenhouse
|
0-0: Ball 1-0: Called Strike 1-1: Foul Ball, location: 2F 1-2: Ball 2-2: Fly out, F7 (Line Drive, 7D, EV 86.9 MPH)
|
Batting: RHB Robin Yount
|
0-0: Ball 1-0: Ball 2-0: Ball 3-0: Called Strike 3-1: DOUBLE (Line Drive, 7LM, EV 106.3 MPH) Jose Perales to third Runner from 3rd tries for Home, SAFE, throw by LF to home
|
Batting: LHB Don Mattingly
|
0-0: Foul Ball, location: 2F 0-1: Called Strike 0-2: Ground out 5-3 (Groundball, 56S, EV 89.4 MPH)
|
Top of the 3rd over - 1 run, 1 hit, 0 errors, 1 left on base; Seattle 1 - Cleveland 0 |
BOTTOM OF THE 3RD |
Cleveland Spiders batting - Pitching for Seattle Mariners : RHP Steve Busby
|
Batting: RHB Alan Trammell
|
0-0: Ball 1-0: Called Strike 1-1: Called Strike 1-2: Ball 2-2: Ground out 3-1 (Groundball, 34S, EV 86.3 MPH)
|
Batting: RHB Lance Parrish
|
0-0: Ball 1-0: Called Strike 1-1: Swinging Strike 1-2: Fly out, F6 (Line Drive, 6, EV 66.9 MPH)
|
Batting: RHB Kevin Bell
|
0-0: Ball 1-0: Ball 2-0: Ball 3-0: Called Strike 3-1: Fly out, F7 (Flyball, 78S, EV 90.6 MPH)
|
Bottom of the 3rd over - 0 runs, 0 hits, 0 errors, 0 left on base; Seattle 1 - Cleveland 0 |
TOP OF THE 4TH |
Seattle Mariners batting - Pitching for Cleveland Spiders : RHP Steve McCatty
|
Batting: LHB Chris Wynn
|
0-0: Ground out 1-3 (Groundball, 13S, EV 63.8 MPH)
|
Batting: RHB Tony Conigliaro
|
0-0: Ball 1-0: Ground out 6-3 (Groundball, 6, EV 108.1 MPH)
|
Batting: RHB Ramon Estepa
|
0-0: Ball 1-0: Ball 2-0: Ball 3-0: Base on Balls
|
Batting: RHB Ryne Sandberg
|
0-0: Ball Pickoff Throw to First - Out! 1-3
|
Top of the 4th over - 0 runs, 0 hits, 0 errors, 0 left on base; Seattle 1 - Cleveland 0 |
BOTTOM OF THE 4TH |
Cleveland Spiders batting - Pitching for Seattle Mariners : RHP Steve Busby
|
Batting: RHB Tom Brunansky
|
0-0: Ball 1-0: Foul Ball, location: 2F 1-1: Foul Ball, location: 2F 1-2: Ball 2-2: Foul Ball, location: 2F 2-2: SINGLE (Line Drive, 8RS, EV 100.6 MPH)
|
Batting: SHB Bump Wills
|
0-0: Ball 1-0: Ball 2-0: Fielders Choice at 2nd, 3-6 (Groundball, 3S, EV 87.5 MPH)
|
Batting: RHB Gary Gaetti
|
Pickoff Throw to First - Out! 1-3 0-0: Ball 1-0: Swinging Strike 1-1: Swinging Strike 1-2: Ball 2-2: Ball 3-2: Foul Ball, location: 2F 3-2: SINGLE (Line Drive, 8LS, EV 100.6 MPH)
|
Batting: SHB Salvador Perez
|
0-0: Called Strike 0-1: Ball 1-1: Ball 2-1: Swinging Strike 2-2: Foul Ball, location: 2F 2-2: Ball 3-2: Foul Ball, location: 2F 3-2: Base on Balls Gary Gaetti to second
|
Batting: RHB Clayton Elliott
|
0-0: Called Strike 0-1: Ball 1-1: Foul Ball, location: 2F 1-2: Fly out, F4 (Popup, 4MD, EV 58.1 MPH)
|
Bottom of the 4th over - 0 runs, 2 hits, 0 errors, 2 left on base; Seattle 1 - Cleveland 0 |
TOP OF THE 5TH |
Seattle Mariners batting - Pitching for Cleveland Spiders : RHP Steve McCatty
|
Batting: RHB Ryne Sandberg
|
0-0: Called Strike 0-1: Foul Ball, location: 2F 0-2: Foul Ball, location: 2F 0-2: Strikes out swinging
|
Batting: RHB Ken Reitz
|
0-0: Called Strike 0-1: DOUBLE (Line Drive, 3D, EV 99.4 MPH) - OUT at third base trying to stretch hit.
|
Batting: LHB Jose Perales
|
0-0: Ball 1-0: Called Strike 1-1: Ball 2-1: Foul Ball, location: 2F 2-2: Ball 3-2: Strikes out swinging
|
Top of the 5th over - 0 runs, 1 hit, 0 errors, 0 left on base; Seattle 1 - Cleveland 0 |
BOTTOM OF THE 5TH |
Cleveland Spiders batting - Pitching for Seattle Mariners : RHP Steve Busby
|
Batting: RHB Cressy Pratt
|
0-0: Swinging Strike 0-1: Ball 1-1: Ball 2-1: SINGLE (Groundball, 56D, EV 95.6 MPH)
|
Batting: RHB Alan Trammell
|
0-0: Ball 1-0: Fly out, F7 (Flyball, 7S, EV 83.1 MPH)
|
Batting: RHB Lance Parrish
|
0-0: Ball 1-0: Foul Ball, location: 2F 1-1: Fly out, F8 (Flyball, 8LD, EV 85.6 MPH)
|
Batting: RHB Kevin Bell
|
0-0: Called Strike 0-1: SINGLE (Line Drive, 9S, EV 90.0 MPH) Cressy Pratt to second Runner from 2nd tries for 3rd, SAFE, throw by RF made to third
|
Batting: RHB Tom Brunansky
|
0-0: Ball 1-0: Ball 2-0: Foul Ball, location: 2F 2-1: Fielders Choice at 2nd, 6-4 (Groundball, 6MD, EV 79.4 MPH)
|
Bottom of the 5th over - 0 runs, 2 hits, 0 errors, 2 left on base; Seattle 1 - Cleveland 0 |
TOP OF THE 6TH |
Seattle Mariners batting - Pitching for Cleveland Spiders : RHP Steve McCatty
|
Batting: LHB Mike Stenhouse
|
0-0: SINGLE (Line Drive, 8LS, EV 100.6 MPH)
|
Batting: RHB Robin Yount
|
0-0: Ball 1-0: Ball 2-0: Foul Ball, location: 2F 2-1: Foul Ball, location: 2F 2-2: Fly out, F8 (Flyball, 89D, EV 91.9 MPH)
|
Batting: LHB Don Mattingly
|
0-0: Fielders Choice at 2nd, 4-6 (Groundball, 4S, EV 85.0 MPH)
|
Batting: LHB Chris Wynn
|
0-0: Ball 1-0: Fielders Choice at 2nd, 5-4 (Groundball, 5L, EV 80.6 MPH)
|
Top of the 6th over - 0 runs, 1 hit, 0 errors, 1 left on base; Seattle 1 - Cleveland 0 |
BOTTOM OF THE 6TH |
Cleveland Spiders batting - Pitching for Seattle Mariners : RHP Steve Busby
|
Batting: SHB Bump Wills
|
0-0: Ball 1-0: Foul Ball, location: 2F 1-1: Ball 2-1: Foul Ball, location: 2F 2-2: SINGLE (Groundball, 4M, EV 101.3 MPH) (infield hit)
|
Batting: RHB Gary Gaetti
|
0-0: Called Strike 0-1: Ball 1-1: Ball 2-1: Ball 3-1: Ground out 6-3 (Groundball, 6S, EV 67.5 MPH) Bump Wills to second
|
Batting: SHB Salvador Perez
|
0-0: Ball 1-0: Swinging Strike 1-1: Foul Ball, location: 2F 1-2: Fly out, F9 (Flyball, 9, EV 95.6 MPH)
|
Batting: RHB Clayton Elliott
|
0-0: Called Strike 0-1: Swinging Strike 0-2: Strikes out looking
|
Bottom of the 6th over - 0 runs, 1 hit, 0 errors, 1 left on base; Seattle 1 - Cleveland 0 |
TOP OF THE 7TH |
Seattle Mariners batting - Pitching for Cleveland Spiders : RHP Steve McCatty
|
Batting: RHB Tony Conigliaro
|
0-0: Swinging Strike 0-1: Ball 1-1: Foul Ball, location: 2F 1-2: DOUBLE (Line Drive, 78XD, EV 106.9 MPH)
|
Batting: RHB Ramon Estepa
|
0-0: DOUBLE (Line Drive, 8RXD, EV 115.0 MPH) Tony Conigliaro scores
|
Batting: RHB Ryne Sandberg
|
0-0: Ball 1-0: Swinging Strike 1-1: Called Strike 1-2: Ball 2-2: SINGLE (Flyball, 4D, EV 88.8 MPH) Ramon Estepa to third
|
Batting: RHB Ken Reitz
|
0-0: Ball 1-0: Called Strike Ryne Sandberg steals 2nd base 1-1: SINGLE (Flyball, 89S, EV 91.9 MPH) Ramon Estepa scores Ryne Sandberg to third Runner from 3rd tries for Home, SAFE, throw by RF to home
|
Batting: LHB Jose Perales
|
0-0: Called Strike 0-1: Ball 1-1: 2-RUN HOME RUN (Flyball, 9D, EV 111.3 MPH), Distance : 387 ft
|
Pitching: LHP Gary Williams
|
|
Batting: LHB Mike Stenhouse
|
0-0: Ball 1-0: Ball 2-0: Called Strike 2-1: Swinging Strike 2-2: Strikes out swinging
|
Batting: RHB Robin Yount
|
0-0: Ball 1-0: Ball 2-0: Foul Ball, location: 2F 2-1: Ball 3-1: SOLO HOME RUN (Flyball, 78XD, EV 88.8 MPH), Distance : 401 ft
|
Batting: LHB Don Mattingly
|
0-0: Ball 1-0: Called Strike 1-1: Fly out, F7 (Flyball, 7LM, EV 88.8 MPH)
|
Batting: LHB Chris Wynn
|
0-0: Swinging Strike 0-1: Swinging Strike 0-2: Ball 1-2: Strikes out swinging
|
Top of the 7th over - 6 runs, 6 hits, 0 errors, 0 left on base; Seattle 7 - Cleveland 0 |
BOTTOM OF THE 7TH |
Cleveland Spiders batting - Pitching for Seattle Mariners : RHP Steve Busby
|
Pinch Hitting: RHB Jordan Ventura
|
0-0: Foul Ball, location: 2F 0-1: Ball 1-1: Ground out 6-3 (Groundball, 6, EV 79.4 MPH)
|
Pinch Hitting: RHB Henry Torres
|
0-0: Ball 1-0: Foul Ball, location: 2F 1-1: Fly out, F7 (Flyball, 7D, EV 95.0 MPH)
|
Batting: RHB Lance Parrish
|
0-0: Swinging Strike 0-1: Foul Ball, location: 2F 0-2: Ball 1-2: Ball 2-2: Ground out 6-3 (Groundball, 6, EV 81.9 MPH)
|
Bottom of the 7th over - 0 runs, 0 hits, 0 errors, 0 left on base; Seattle 7 - Cleveland 0 |
TOP OF THE 8TH |
Seattle Mariners batting - Pitching for Cleveland Spiders : LHP Gary Williams
|
Now at 2B: Henry Torres
|
|
Now in LF: Jordan Ventura
|
|
Batting: RHB Tony Conigliaro
|
0-0: Called Strike 0-1: Ball 1-1: SINGLE (Groundball, 6MD, EV 106.9 MPH)
|
Batting: RHB Ramon Estepa
|
0-0: Called Strike 0-1: Ball 1-1: Grounds into double play, 5-4-3 (Groundball, 56, EV 99.4 MPH)
|
Batting: RHB Ryne Sandberg
|
0-0: Called Strike 0-1: Ground out 2-3 (Groundball, 13S, EV 72.5 MPH)
|
Top of the 8th over - 0 runs, 1 hit, 0 errors, 0 left on base; Seattle 7 - Cleveland 0 |
BOTTOM OF THE 8TH |
Cleveland Spiders batting - Pitching for Seattle Mariners : RHP Steve Busby
|
Pinch Hitting: RHB Mark Hopper
|
0-0: Swinging Strike 0-1: Ball 1-1: SINGLE (Flyball, 89S, EV 91.9 MPH)
|
Pinch Hitting: RHB Randy Elliott
|
0-0: Called Strike 0-1: Ball 1-1: Foul Ball, location: 2F 1-2: Ball 2-2: Ball 3-2: Foul Ball, location: 2F 3-2: DOUBLE (Flyball, 8LXD, EV 109.4 MPH) Mark Hopper to third Mark Hopper scores
|
Pitching: RHP Nick Bowditch
|
|
Batting: SHB Bump Wills
|
0-0: Called Strike 0-1: Ball 1-1: Hit by Pitch
|
Batting: RHB Gary Gaetti
|
0-0: Ball 1-0: Called Strike 1-1: Ball 2-1: Fly out, F9 (Flyball, 89XD, EV 108.1 MPH) Runner from 2nd tags up, SAFE at 3rd, no throw by RF
|
Batting: SHB Salvador Perez
|
0-0: Foul Ball, location: 2F 0-1: Ball 1-1: Fielders Choice at 2nd, 4-6 (Groundball, 34, EV 85.6 MPH) Randy Elliott scores
|
Batting: RHB Clayton Elliott
|
0-0: Called Strike 0-1: Ball 1-1: Foul Ball, location: 2F 1-2: Foul Ball, location: 2F 1-2: Ball 2-2: SINGLE (Flyball, 3D, EV 91.3 MPH) Salvador Perez to second Runner from 2nd tries for 3rd, SAFE, no throw by RF
|
Batting: RHB Jordan Ventura
|
0-0: Swinging Strike 0-1: Ball 1-1: Ball 2-1: Called Strike 2-2: Foul Ball, location: 2F 2-2: Ball 3-2: Strikes out swinging
|
Bottom of the 8th over - 2 runs, 3 hits, 0 errors, 2 left on base; Seattle 7 - Cleveland 2 |
TOP OF THE 9TH |
Seattle Mariners batting - Pitching for Cleveland Spiders : LHP Gary Williams
|
Now at 1B: Randy Elliott
|
|
Now in RF: Mark Hopper
|
|
Batting: RHB Ken Reitz
|
0-0: SINGLE (Flyball, 9S, EV 94.4 MPH)
|
Batting: LHB Jose Perales
|
0-0: Foul Ball, location: 2F 0-1: Foul Ball, location: 2F 0-2: Ball Wild Pitch! Ken Reitz to second 1-2: Ball 2-2: Ground out 4-3 (Groundball, 4M, EV 91.9 MPH) Ken Reitz to third
|
Batting: LHB Mike Stenhouse
|
0-0: Ball 1-0: Foul Ball, location: 2F 1-1: Called Strike 1-2: Fly out, F8 (Flyball, 8RD, EV 80.0 MPH) Runner from 3rd tags up, SCORES, throw by CF
|
Batting: RHB Robin Yount
|
0-0: Swinging Strike 0-1: Swinging Strike 0-2: Foul Ball, location: 2F 0-2: SINGLE (Flyball, 89S, EV 85.0 MPH)
|
Batting: LHB Don Mattingly
|
0-0: Ball 1-0: Called Strike 1-1: Fly out, F4 (Flyball, 4MD, EV 79.4 MPH)
|
Top of the 9th over - 1 run, 2 hits, 0 errors, 1 left on base; Seattle 8 - Cleveland 2 |
BOTTOM OF THE 9TH |
Cleveland Spiders batting - Pitching for Seattle Mariners : RHP Nick Bowditch
|
Batting: RHB Henry Torres
|
0-0: Called Strike 0-1: Called Strike 0-2: Ball 1-2: Ball 2-2: Foul Ball, location: 2F 2-2: Strikes out swinging
|
Batting: RHB Lance Parrish
|
0-0: Ball 1-0: Ball 2-0: Ball 3-0: Base on Balls
|
Batting: RHB Mark Hopper
|
0-0: Swinging Strike 0-1: Grounds into double play, 5-4-3 (Groundball, 56S, EV 80.0 MPH)
|
Bottom of the 9th over - 0 runs, 0 hits, 0 errors, 0 left on base; Seattle 8 - Cleveland 2 |
|